 Dungeon Crawl Stone Soup version bcrawl-1.23.3 (webtiles) character file.

Game seed: 13324719701193661443

238836 Morbidden the Spry (level 19, -12/149 HPs)
             Began as a Vampire Rogue on June 1, 2020.
             Was the Champion of Okawaru.
             Killed from afar by a lich (33 damage)
             ... with a poison arrow
             ... on level 1 of the Depths on June 2, 2020.
             The game lasted 01:54:06 (36683 turns).

Morbidden the Spry (Vampire Rogue)                 Turns: 36683, Time: 01:54:06

Health: -12/149    AC: 25    Str: 18    XL:     19   Next: 0%
Magic:  0/43       EV: 19    Int: 12    God:    Okawaru [******]
Gold:   1271       SH: 21    Dex: 24    Spells: 40/40 levels left

rFire    . . .     SeeInvis +   c - +9 sword of Zonguldrok {reap}
rCold    + . .     Gourm    .   t - +1 buckler {reflect}
rNeg     . . .     Faith    .   v - +10 plate armour of Analysis {rElec Regen+ SInv Stlth-}
rPois    .         Spirit   +   N - +1 hat {MR+}
rElec    +         Reflect  +   d - +0 cloak
rCorr    .         Harm     .   h - +0 pair of fencer's gloves {Riposte Dex+6}
MR       ++...                  V - +0 pair of boots
Stlth    +++.......             K - amulet of guardian spirit
HPRegen  1.58/turn              C - ring of protection from cold
MPRegen  0.28/turn              w - ring of magical power

@: lethally poisoned (-12 -> -14), heroism, finesse, corroded, regenerating
quickly, studying Long Blades
A: claws 1, fangs 3, see invisible, unbreathing
}: 1/15 runes: serpentine
a: Bat Form, Heroism, Finesse, Renounce Religion


You were on level 1 of the Depths.
You worshipped Okawaru.
Okawaru was exalted by your worship.
You were very full.

You visited 8 branches of the dungeon, and saw 28 of its levels.
You visited 1 bazaar.
You also visited: Ice Cave.

You collected 3961 gold pieces.
You spent 2690 gold pieces at shops.

Inventory:

Hand Weapons
 a - a +7 dagger of venom
 b - a +4 blowgun
 c - the +9 sword of Zonguldrok (weapon) {reap}
   (You bought it in a shop on level 6 of the Dungeon)

   If a monster killed with it leaves a corpse in good enough shape, the corpse
   will be animated as a zombie friendly to the killer.
 j - a +2 scimitar of venom
 B - a +4 scimitar of venom
 P - the +2 hand crossbow "Roadieq" {freeze, +Blink rPois}
   (Okawaru gifted it to you on level 2 of the Snake Pit)

   It causes projectiles fired from it to freeze those they strike, causing
   extra injury to most foes and up to half again as much damage against
   particularly susceptible opponents.
   They can also slow down cold-blooded creatures.
   It protects you from poison.
   It lets you blink.
Missiles
 e - 393 poisoned needles
 n - 4 curare-tipped needles
 s - 2988 bolts
 T - 32 needles of frenzy
 Z - 3 throwing nets (quivered) {!f}
Armour
 d - a +0 cloak (worn)
 h - the +0 pair of fencer's gloves (worn) {Riposte Dex+6}
   (Okawaru gifted it to you on level 6 of the Lair of Beasts)

   It affects your dexterity (+6).
 t - a +1 buckler of reflection (worn)
 v - the +10 plate armour of Analysis (worn) {rElec Regen+ SInv Stlth-}
   (You acquired it on level 6 of the Lair of Beasts)

   It insulates you from electricity.
   It lets you see invisible.
   It increases your rate of regeneration.
   It makes you less stealthy.
 N - a +1 hat of magic resistance (worn)
 V - a +0 pair of boots (worn)
Jewellery
 w - a ring of magical power (right hand)
 C - a ring of protection from cold (left hand)
 K - an amulet of guardian spirit (around neck)
Wands
 f - a wand of flame (27)
 z - a wand of paralysis (7)
 E - a wand of polymorph (24)
 O - a wand of scattershot (6)
 R - a wand of acid (27)
 U - a wand of random effects (12)
 X - a wand of iceblast (3)
Scrolls
 i - 11 scrolls of remove curse
 k - 3 scrolls of magic mapping
 m - 5 scrolls of enchant armour
 r - 7 scrolls of teleportation
 x - 2 scrolls of blinking
 y - 2 scrolls of noise
 G - 5 scrolls of enchant weapon
 I - a scroll of fear
 L - a scroll of vulnerability
 S - 2 scrolls of fog
Potions
 l - 6 potions of resistance
 o - 5 potions of agility
 p - 4 potions of curing
 q - 19 potions of blood
 u - 2 potions of haste
 A - 3 potions of brilliance
 D - 8 potions of mutation
 F - a potion of magic
 H - 2 potions of cancellation
 M - a potion of might
 Q - 6 potions of flight
Books
 W - a manual of Long Blades
Miscellaneous
 J - a lightning rod (4/4)


   Skills:
 * Level 13.2(18.2) Fighting
 - Level 14.0(21.1) Short Blades
 - Level 13.7(21.0) Long Blades
 + Level 1.0(6.0) Crossbows
 + Level 10.5(15.5) Armour
 * Level 15.6(20.6) Dodging
 + Level 15.1(20.1) Stealth
 + Level 8.0(13.0) Shields
 * Level 11.0 Spellcasting
 - Level 8.0 Invocations
 + Level 4.1 Evocations


You had 40 spell levels left.
You didn't know any spells.
Your spell library contained the following spells:

 Spells                   Type           Power        Failure   Level  Hunger
 Throw Frost              Conj/Ice       #.....       75%         2    None
 Animate Skeleton         Necr           N/A          91%         1    None
 Corona                   Hex            #......      91%         1    None
 Freeze                   Ice            #.....       91%         1    None
 Pain                     Necr           #.....       91%         1    None
 Sandblast                Erth           #.....       91%         1    None
 Summon Small Mammal      Summ           #...         91%         1    None
 Call Imp                 Summ           #.....       97%         2    None
 Passwall                 Tmut/Erth      #.......     97%         2    None
 Shackle                  Hex            #.......     97%         2    None
 Sublimation of Blood     Necr           #.........   97%         2    None
 Call Canine Familiar     Summ           #.......     100%        3    #......
 False Image              Hex/Summ       #.......     100%        3    #......
 Ignite Poison            Fire/Tmut/Pois #.......     100%        3    #......
 Inner Flame              Hex/Fire       N/A          100%        3    #......
 Mephitic Cloud           Conj/Pois/Air  #.......     100%        3    #......
 Ozocubu's Armour         Chrm/Ice       #.......     100%        3    #......
 Recall                   Summ/Tloc      N/A          100%        3    #......
 Regeneration             Chrm/Necr      #.........   100%        3    #......
 Stone Arrow              Conj/Erth      #.....       100%        3    #......
 Vampiric Draining        Necr           #.........   100%        3    #......
 Animate Dead             Necr           N/A          100%        4    ###....
 Cause Fear               Hex            #.........   100%        4    ###....
 Petrify                  Tmut/Erth      #.......     100%        4    ###....
 Sticky Flame             Conj/Fire      #.......     100%        4    ###....
 Summon Ice Beast         Ice/Summ       #.......     100%        4    ###....
 Summon Scorpions         Summ/Pois      #.......     100%        4    ###....
 Throw Icicle             Conj/Ice       #.......     100%        4    ###....
 Yara's Violent Unravell  Hex/Tmut       #.........   100%        4    ###....
 Bolt of Draining         Conj/Necr      #.........   100%        5    #####..
 Bolt of Magma            Conj/Fire/Erth #.........   100%        5    #####..
 Lee's Rapid Deconstruct  Erth           #.........   100%        5    #####..
 Lightning Bolt           Conj/Air       #.........   100%        5    #####..
 Summon Lightning Spire   Summ/Air       #.......     100%        5    #####..
 Borgnjor's Vile Clutch   Necr/Erth      #.........   100%        6    ######.
 Death Channel            Chrm/Necr      #.........   100%        6    ######.
 Ozocubu's Refrigeration  Ice            #.........   100%        6    ######.
 Simulacrum               Ice/Necr       #.........   100%        6    ######.
 Statue Form              Tmut/Erth      #........    100%        6    ######.
 Steam Barrier            Chrm/Fire      #.........   100%        6    ######.
 Fire Storm               Conj/Fire      #.........   100%        9    #######


Dungeon Overview and Level Annotations

Branches:
Dungeon (12/12)            Temple (1/1) D:6            Lair (6/6) D:8
 Shoals (1/3) Lair:2        Snake (3/3) Lair:3        Slime (0/5) Lair:5
    Orc (1/1) D:10            Elf (0/3) Orc          Vaults (3/3) D:11
  Crypt (0/2) Vaults:1     Depths (1/5) D:12

Altars:
Ashenzari
Cheibriados
Dithmenos
Elyvilon
Fedhas
Gozag
Hepliaklqana
Kikubaaqudgha
Lugonu
Makhleb
Nemelex Xobeh
Okawaru
Qazlal
Ru
Sif Muna
Trog
Uskayaw
Vehumet
Wu Jian
Xom
Yredelemnul
Zin
The Shining One
Jiyva

Shops:
D:4 =   D:6 (   D:9 !   D:10 ([*   D:11 (   Orc (*[:   Snake:1 ?

Annotations:
D:3 2 transporters, Quickbrownfox's ghost, amateur DsAc
Lair:1 3 runed translucent doors, Freyura's ghost, novice GrFi
Lair:5 1 runed door
Snake:1 Roxanne Orc 3 runed translucent doors, yrara's ghost, journeyman GrFi


Innate Abilities, Weirdness & Mutations

Your natural rate of healing is unusually fast.
You have sharp fingernails.
You have razor-sharp teeth.
You have supernaturally acute eyesight. (SInv)
You can survive without breathing.


Message History

Your tengu warrior zombie is splashed with acid!
Your tengu warrior zombie seems to be corroded for longer.
Your tengu warrior zombie is destroyed!
The lich points at you and mumbles some strange words.
The bolt of acid hits you!!
* * * LOW HITPOINT WARNING * * *
You are splashed with acid!!
* * * LOW HITPOINT WARNING * * *
Things that are here:
a +0 giant club; a +0 giant spiked club; 25 gold pieces Your plate armour of Analysis prevents you from hitting the lich.
The lich is lightly damaged.
Unknown command.
Unknown command.
You hit the lich but do no damage.
The lich is lightly damaged.
The lich points at you and mumbles some strange words.
You are poisoned.
The poison arrow hits you!!!
You die...

##################
########.................
ZZ.Z...'.................
####.###.................
#.# #.......).........
#.# #......)(.[.......
#)# #.......)@L.......
####.# #.................
.....# #..^.....)........
####.# #.................
#.# #.................
#.................
#.................
+.................
#..........≈≈≈≈


You could see a lich.

Vanquished Creatures
  Saint Roka (Snake:1)
  Nikola (Vaults:1)
  A lich (Vaults:2)
  Rupert (Lair:5)
  6 nagarajas
  2 fire giants (Depths:1)
  An orc warlord (Orc)
  A frost giant (IceCv)
  A vault warden (Vaults:2)
  3 stone giants
  4 ironheart preservers
  2 very ugly things (Depths:1)
  An entropy weaver (Vaults:2)
  2 ettins (Vaults:2)
  3 yaktaur captains (Vaults:2)
  4 naga warriors
  6 vault guards
  2 great orbs of eyes (Vaults:2)
  5 ice dragons
  A rakshasa (Vaults:2)
  5 hydras
  7 anacondas
  3 centaur warriors
  A dancing weapon (Vaults:2)
  5 ogre magi
  A sea snake (Lair:2)
  2 tengu warriors (Depths:1)
  12 two-headed ogres
  10 death yaks
  3 naga sharpshooters (Snake:3)
  3 orc high priests (Orc)
  A deep troll shaman (Depths:1)
  5 shock serpents
  3 deep troll earth magi (Depths:1)
  A deep elf knight (Vaults:2)
  5 deep trolls
  Nergalle (Lair:2)
  A flayed ghost (Vaults:2)
  4 wizards
  2 deep elf archers (Vaults:2)
  6 orc knights
  Pikel (D:4)
  2 cyclopes
  10 ironbrand convokers
  8 naga ritualists
  A phantasmal warrior (Vaults:1)
  A wolf spider zombie (D:11)
  9 mana vipers
  23 ugly things
  8 deep elf magi
  2 manticores
  An oklob plant (Lair:3)
  An orc sorcerer (Orc)
  2 fauns (Lair:2)
  3 salamanders
  10 vault sentinels
  A gargoyle (D:7)
  13 naga magi
  19 black mambas
  An ice statue (IceCv)
  2 guardian serpents
  21 cane toads
  3 centaur skeletons
  A komodo dragon (shapeshifter) (Vaults:2)
  A rime drake (shapeshifter) (Vaults:2)
  3 kobold demonologists
  4 rime drakes
  2 freezing wraiths (Vaults:2)
  6 yaktaurs (Vaults:2)
  3 komodo dragons
  A troll (shapeshifter) (Vaults:1)
  4 trolls
  14 polar bears
  5 tyrant leeches (Lair:6)
  A blink frog (shapeshifter) (Vaults:1)
  15 blink frogs
  19 slime creatures
  A snapping turtle (Lair:2)
  6 hippogriffs
  2 redbacks
  Sigmund (D:3)
  3 centaur simulacra (D:10)
  A wraith (D:12)
  A shadow (D:12)
  10 humans (D:11)
  35 yaks
  5 wyverns
  3 basilisks
  A steam dragon (D:8)
  4 hungry ghosts
  10 vampire mosquitoes
  42 nagas
  3 wargs
  12 crocodiles
  An acid dragon (D:12)
  A soldier ant (shapeshifter) (Vaults:2)
  9 water moccasins
  10 porcupines
  23 orc warriors
  6 sky beasts
  2 slaves (D:4)
  A black bear (D:7)
  An eye of draining (shapeshifter) (Vaults:2)
  17 ogres
  4 eyes of draining
  10 ice beasts
  17 wolves
  3 boggarts (Depths:1)
  4 centaurs
  31 bullfrogs
  Blork the orc (D:4)
  5 big kobolds
  A wyvern zombie (D:7)
  A hornet simulacrum (D:10)
  9 scorpions
  3 jellies
  5 wights
  A killer bee (D:5)
  4 electric eels
  3 howler monkeys
  12 crimson imps
  2 human simulacra
  4 centaur zombies
  7 hounds
  6 orc priests
  Crazy Yiuf (D:6)
  14 orc wizards
  Terence (D:2)
  5 iguanas
  10 worker ants
  A hound zombie (D:7)
  A howler monkey zombie (D:7)
  2 worker ant zombies
  13 adders
  3 shadow imps
  2 white imps (D:10)
  2 ufetubi (D:10)
  An ooze (D:6)
  An adder skeleton (D:5)
  2 adder zombies
  8 worms
  5 dart slugs
  3 leopard geckos
  68 orcs
  A ball python (D:1)
  2 giant cockroaches
  6 goblins
  8 hobgoblins
  7 jackals
  4 quokkas
  9 bats
  5 frilled lizards
  20 kobolds
  4 rats
  A plant (Lair:3)
904 creatures vanquished.

Vanquished Creatures (collateral kills)
  A frost giant (Depths:1)
  2 deep trolls
  5 ugly things (Depths:1)
  2 tengu conjurers (Depths:1)
  A blink frog (Lair:6)
  A hippogriff (D:5)
  A slime creature (Vaults:2)
  A yak (IceCv)
  A warg (Snake:1)
  2 water moccasins (Lair:6)
  A boggart (Depths:1)
  2 adders (D:5)
  An ooze (D:3)
  A dart slug (D:3)
  2 orcs
  2 plants
26 creatures vanquished.

Vanquished Creatures (others)
  3 naga sharpshooters
  A cyclops (Orc)
  An orc sorcerer (Snake:1)
  A troll (Snake:1)
  A yaktaur (Vaults:2)
  4 yaks (IceCv)
  A human (D:11)
  3 nagas (Snake:3)
  2 wargs
  2 orc warriors (Orc)
  An ice beast (D:12)
  An ogre (D:4)
  A centaur (D:7)
  An orc priest (D:3)
  An orc wizard (D:6)
  An iguana (D:6)
  A bush (Lair:6)
  28 fungi
  42 plants
96 creatures vanquished.

Grand Total: 1026 creatures vanquished

Notes
Turn   | Place    | Note
-------+----------+-------------------------------------------
     0 | D:1      | Morbidden the Vampire Rogue began the quest for the Orb.
     0 | D:1      | Reached XP level 1. HP: 16/16 MP: 2/2
    94 | D:1      | Reached XP level 2. HP: 9/22 MP: 3/3
   431 | D:1      | Reached skill level 1 in Dodging
   529 | D:1      | Reached XP level 3. HP: 27/27 MP: 4/4
   807 | D:2      | Noticed a scorpion
   813 | D:2      | Killed a scorpion
   813 | D:2      | Reached XP level 4. HP: 33/33 MP: 5/5
  2264 | D:2      | Found a white marble altar of Elyvilon.
  2265 | D:2      | Found an opulent altar of Gozag.
  2446 | D:3      | Noticed Sigmund
  2527 | D:3      | Reached XP level 5. HP: 38/38 MP: 6/6
  2584 | D:3      | Noticed Quickbrownfox's ghost (amateur DsAc)
  2590 | D:3      | Found a transporter.
  2827 | D:3      | Noticed Terence
  2947 | D:2      | Killed Terence
  3418 | D:3      | Killed Sigmund
  3418 | D:3      | Reached XP level 6. HP: 28/46 MP: 7/7
  3587 | D:3      | Found a transporter.
  3732 | D:4      | Noticed a sky beast
  3736 | D:4      | Killed a sky beast
  3736 | D:4      | Reached skill level 10 in Stealth
  3736 | D:4      | Reached skill level 1 in Shields
  3981 | D:4      | Reached XP level 7. HP: 51/51 MP: 8/8
  4134 | D:4      | Found a snail-covered altar of Cheibriados.
  4215 | D:4      | Reached skill level 5 in Short Blades
  4241 | D:4      | Identified Ziatyt's Volume of Igneous Lightness
  4267 | D:4      | Found Xejuqi's Jewellery Boutique.
  4303 | D:4      | Noticed Blork the orc
  4309 | D:4      | Killed Blork the orc
  4357 | D:4      | Noticed Pikel
  6144 | D:5      | Entered Level 5 of the Dungeon
  6144 | D:5      | Noticed a hippogriff
  6145 | D:5      | Noticed a hippogriff
  6178 | D:5      | Killed a hippogriff
  6178 | D:5      | Reached XP level 8. HP: 44/58 MP: 9/9
  6327 | D:5      | Killed a hippogriff
  6327 | D:5      | Reached skill level 5 in Dodging
  6812 | D:5      | Found a shadowy altar of Dithmenos.
  7121 | D:5      | Upgraded the game from bcrawl-1.23 to bcrawl-1.23.3
  7506 | D:6      | Found a staircase to the Ecumenical Temple.
  7508 | D:6      | Noticed a two-headed ogre
  7524 | D:6      | Killed a two-headed ogre
  7524 | D:6      | Reached XP level 9. HP: 66/66 MP: 10/10
  7629 | Temple   | Entered the Ecumenical Temple
  7717 | Temple   | Became a worshipper of Warmaster Okawaru
  7862 | D:6      | Reached skill level 1 in Invocations
  7878 | D:6      | Found a shadowy altar of Dithmenos.
  7880 | D:6      | Found a basalt altar of Yredelemnul.
  7881 | D:6      | Found a sparkling altar of Nemelex Xobeh.
  8229 | D:6      | Found Segioruw's Antique Weapon Shoppe.
  8372 | D:6      | Found a shimmering blue altar of Sif Muna.
  8447 | D:6      | Found a runed door.
  8907 | D:6      | Found a hide-covered altar of Uskayaw.
  9089 | D:6      | Noticed Crazy Yiuf
  9093 | D:6      | Killed Crazy Yiuf
  9141 | D:7      | Noticed a two-headed ogre
  9331 | D:7      | Reached * piety under Okawaru
  9454 | D:7      | Killed a two-headed ogre
  9454 | D:7      | Reached skill level 5 in Fighting
  9454 | D:7      | Reached skill level 1 in Armour
  9454 | D:7      | Reached skill level 1 in Spellcasting
  9454 | D:7      | Reached XP level 10. HP: 13/74 MP: 1/11
  9537 | D:7      | Found a bloodstained altar of Trog.
  9806 | D:7      | Reached ** piety under Okawaru
 10552 | D:7      | Noticed an ogre mage
 10558 | D:7      | Noticed a manticore
 10558 | D:7      | Noticed a gargoyle
 10578 | D:7      | Noticed a brown ugly thing
 10598 | D:7      | Killed a brown ugly thing
 10617 | D:7      | Killed a gargoyle
 10617 | D:7      | Reached skill level 10 in Short Blades
 10628 | D:7      | Killed a manticore
 10717 | D:7      | Reached *** piety under Okawaru
 10722 | D:7      | Identified the Collected Works on Venomous Clay
 10747 | D:7      | Killed an ogre mage
 10960 | D:8      | Reached **** piety under Okawaru
 10969 | D:8      | Reached XP level 11. HP: 49/81 MP: 10/15
 11099 | D:8      | Found a staircase to the Lair.
 11344 | D:8      | Noticed a two-headed ogre
 11376 | D:8      | Killed a two-headed ogre
 11382 | D:8      | Reached ***** piety under Okawaru
 12041 | D:9      | Received a gift from Okawaru
 12240 | D:9      | Found Gilytaog's Distillery.
 12302 | D:9      | Found a glowing silver altar of Zin.
 12753 | D:10     | Entered Level 10 of the Dungeon
 13045 | D:10     | Noticed a two-headed ogre
 13073 | D:10     | Killed a two-headed ogre
 13087 | D:10     | Reached XP level 12. HP: 61/89 MP: 12/18
 13138 | D:10     | Found a staircase to the Orcish Mines.
 13139 | D:10     | Found Wufucs's Armour Shop.
 13140 | D:10     | Found Maypaoku's Weapon Shop.
 13854 | D:10     | Found Archer's General Store.
 13859 | D:10     | Bought a potion of heal wounds for 75 gold pieces
 13912 | Lair:1   | Entered Level 1 of the Lair of Beasts
 13922 | Lair:1   | Reached skill level 5 in Invocations
 13934 | Lair:1   | Received a gift from Okawaru
 13937 | Lair:1   | Got a brightly glowing arbalest {god gift}
 13948 | Lair:1   | Found a runed translucent gate.
 13948 | Lair:1   | Found a runed translucent gate.
 13948 | Lair:1   | Found a runed translucent gate.
 13949 | Lair:1   | Noticed a death ooze
 13951 | Lair:1   | Found a viscous altar of Jiyva.
 13951 | Lair:1   | Noticed Freyura's ghost (novice GrFi)
 13961 | Lair:1   | Found a frozen archway.
 13976 | IceCv    | Entered an ice cave
 14027 | IceCv    | Reached skill level 5 in Spellcasting
 14444 | IceCv    | Identified the +8 arbalest "Tuonn" {penet, *Corrode Str+5
                  | Dex+3 Stlth+} (Okawaru gifted it to you on level 1 of the
                  | Lair of Beasts)
 14930 | IceCv    | Reached skill level 10 in Dodging
 15014 | IceCv    | Noticed a frost giant
 15067 | IceCv    | Killed a frost giant
 15113 | IceCv    | Received a gift from Okawaru
 15116 | IceCv    | Got a brightly glowing robe {god gift}
 15203 | IceCv    | Identified the +1 robe of Qixke {rCorr} (Okawaru gifted it
                  | to you in an ice cave)
 15768 | D:4      | Killed Pikel
 15768 | D:4      | Reached ****** piety under Okawaru
 16355 | Lair:1   | Reached XP level 13. HP: 75/96 MP: 16/21
 16725 | Lair:2   | Noticed Nergalle
 16772 | Lair:2   | Killed Nergalle
 16823 | Lair:2   | Got a heavily runed cloak
 16829 | Lair:2   | Found a staircase to the Shoals.
 17165 | Lair:3   | Reached skill level 5 in Armour
 17257 | Lair:3   | Reached skill level 1 in Crossbows
 17948 | Lair:3   | Received a gift from Okawaru
 17976 | Lair:3   | Identified the +1 cloak of the Yeti {rN++ MR+ Str-4} (You
                  | found it on level 2 of the Lair of Beasts)
 18063 | Lair:3   | Found a staircase to the Snake Pit.
 18839 | Lair:4   | Reached skill level 1 in Long Blades
 19329 | Lair:4   | Reached skill level 5 in Long Blades
 20070 | Lair:5   | Found a runed door.
 20073 | Lair:5   | Found a viscous altar of Jiyva.
 20073 | Lair:5   | Noticed an acid blob
 20074 | Lair:5   | Found a staircase to the Slime Pits.
 20576 | Lair:5   | Noticed Rupert
 20584 | Lair:5   | Killed Rupert
 20584 | Lair:5   | Received a gift from Okawaru
 20584 | Lair:5   | Reached XP level 14. HP: 106/106 MP: 24/24
 20884 | Lair:6   | Entered Level 6 of the Lair of Beasts
 21303 | Lair:6   | Received a gift from Okawaru
 21304 | Lair:6   | Found the +0 pair of fencer's gloves {Riposte Dex+6}
 21641 | Lair:6   | Got a translucent scale mail
 21674 | Lair:6   | Identified a scroll of acquirement
 21674 | Lair:6   | Identified the +7 long sword of Irritation {freeze, rElec
                  | MR+ Str-2 SInv} (You acquired it on level 6 of the Lair of
                  | Beasts)
 21674 | Lair:6   | Identified the +10 plate armour of Analysis {rElec Regen+
                  | SInv Stlth-} (You acquired it on level 6 of the Lair of
                  | Beasts)
 21686 | Lair:6   | Identified the +0 scale mail of Contentment {+Inv Str+8}
                  | (You found it on level 6 of the Lair of Beasts)
 22879 | D:11     | Found Qeeh's Weapon Emporium.
 23066 | D:11     | Got a fine jade amulet
 23067 | D:11     | Identified the amulet "Balo" {+Rage rElec rF- rN+ Int+4
                  | Dex+4} (You found it on level 11 of the Dungeon)
 23766 | D:11     | Found a gate to the Vaults.
 23818 | D:12     | Entered Level 12 of the Dungeon
 23909 | D:12     | Received a gift from Okawaru
 24133 | D:12     | Got a slimy war axe
 24311 | D:12     | Found a sacrificial altar of Ru.
 24510 | D:12     | Reached XP level 15. HP: 109/115 MP: 27/27
 24546 | D:12     | Found a staircase to the Depths.
 24573 | D:12     | Reached skill level 10 in Fighting
 24922 | Orc      | Entered the Orcish Mines
 24964 | Orc      | Found Ydysuok's Antique Weapon Boutique.
 25012 | Orc      | Found Atuf's General Store.
 25019 | Orc      | Found Buely's Antique Armour Emporium.
 25019 | Orc      | Found a runed translucent gate.
 25037 | Orc      | Received a gift from Okawaru
 25076 | Orc      | Bought a transparent helmet for 256 gold pieces
 25086 | Orc      | Identified the +1 helmet of Indomitability {rElec rCorr
                  | Str-3} (You bought it in a shop in the Orcish Mines)
 25236 | Orc      | Found a runed translucent gate.
 25237 | Orc      | Found a runed translucent gate.
 25244 | Orc      | Noticed yrara's ghost (journeyman GrFi)
 25387 | Orc      | Found a staircase to the Elven Halls.
 25507 | Orc      | Noticed an orc warlord
 25557 | Orc      | Found Gice's Book Emporium.
 25844 | Orc      | Killed an orc warlord
 26440 | Snake:1  | Entered Level 1 of the Snake Pit
 26591 | Snake:1  | Received a gift from Okawaru
 26722 | Snake:1  | Noticed Roxanne
 26949 | Snake:1  | Found Otubumej's Magic Scroll Shop.
 27130 | Snake:1  | Got a crude falchion
 27149 | Snake:1  | Noticed Saint Roka
 27233 | Snake:1  | Killed Saint Roka
 27295 | Snake:1  | Identified the +3 falchion of the Elven Halls {slice, Str+8
                  | Int-3} (You found it on level 1 of the Snake Pit)
 27560 | Snake:1  | Got a scorched silver amulet
 27874 | Snake:2  | Noticed a nagaraja
 27886 | Snake:2  | Killed a nagaraja
 27950 | Snake:2  | Received a gift from Okawaru
 27968 | Snake:2  | Identified the amulet "Ehuom" {Inacc rN+} (You found it on
                  | level 1 of the Snake Pit)
 27973 | Snake:2  | Got an encrusted hand crossbow {god gift}
 28022 | Snake:2  | Identified the +2 hand crossbow "Roadieq" {freeze, +Blink
                  | rPois} (Okawaru gifted it to you on level 2 of the Snake
                  | Pit)
 28147 | Snake:2  | Reached skill level 10 in Long Blades
 29417 | Snake:3  | Entered Level 3 of the Snake Pit
 29463 | Snake:3  | Received a gift from Okawaru
 29500 | Snake:3  | Got an ichor-stained chain mail {god gift}
 29520 | Snake:3  | Identified the +5 chain mail "Aruel" {rElec Regen+ Str-4
                  | Int+5} (Okawaru gifted it to you on level 3 of the Snake
                  | Pit)
 29642 | Snake:3  | Reached XP level 16. HP: 83/125 MP: 25/29
 30702 | Snake:3  | Reached skill level 5 in Shields
 30747 | Snake:3  | Reached skill level 15 in Stealth
 30853 | Snake:3  | Got a serpentine rune of Zot
 31383 | Shoals:1 | Entered Level 1 of the Shoals
 31604 | Vaults:1 | Entered Level 1 of the Vaults
 31732 | Vaults:1 | Received a gift from Okawaru
 32041 | Vaults:1 | Found a staircase to the Crypt.
 32041 | Vaults:1 | Found an ancient bone altar of Kikubaaqudgha.
 32042 | Vaults:1 | Found a basalt altar of Yredelemnul.
 32138 | Vaults:1 | Found a shattered altar of Ashenzari.
 32381 | Vaults:1 | Reached skill level 10 in Spellcasting
 32717 | Vaults:1 | Reached skill level 10 in Armour
 33307 | Vaults:1 | Noticed Nikola
 33341 | Vaults:1 | Killed Nikola
 33341 | Vaults:1 | Reached XP level 17. HP: 97/133 MP: 22/31
 33576 | Vaults:2 | Received a gift from Okawaru
 33794 | Vaults:2 | Found a flickering gateway to a bazaar.
 33803 | Bazaar   | Entered a bazaar
 33803 | Bazaar   | Found Gavud's Antique Weapon Boutique.
 33803 | Bazaar   | Found Konyrann's Armour Shop.
 33803 | Bazaar   | Found Zimibelo's Armour Shop.
 33817 | Bazaar   | Bought a crystal dagger for 119 gold pieces
 33817 | Bazaar   | Identified the +5 dagger of Fate {pierce, rPois MR+ Str+3
                  | Dex+2} (You bought it in a shop in a bazaar)
 34275 | Vaults:2 | Noticed a lich
 34284 | Vaults:2 | Killed a lich
 35524 | Vaults:2 | Reached skill level 15 in Dodging
 35524 | Vaults:2 | Reached XP level 18. HP: 142/142 MP: 32/32
 35604 | Vaults:2 | Identified the +3 buckler of Ecwisadd {rC- Int+2 Dex+2
                  | SInv} (Okawaru gifted it to you on level 2 of the Vaults)
 35604 | Vaults:2 | Received a gift from Okawaru
 35851 | Vaults:3 | Entered Level 3 of the Vaults
 36064 | D:6      | Bought the +9 sword of Zonguldrok {reap} for 2240 gold
                  | pieces
 36064 | D:6      | Found the +9 sword of Zonguldrok {reap}
 36269 | Depths:1 | Entered Level 1 of the Depths
 36318 | Depths:1 | Identified the ring "Kopiptuj" {Ice rPois Slay+2 Stlth-}
 36664 | Depths:1 | Reached XP level 19. HP: 127/149 MP: 29/34
 36683 | Depths:1 | Killed from afar by a lich

Skill      XL: |  1  2  3  4  5  6  7  8  9 10 11 12 13 14 15 16 17 18 |
---------------+-------------------------------------------------------+-----
Stealth        | 7 8 9 10 11 12 13 14 15 | 15.1
Dodging        | 1 2 3 4 6 7 8 9 10 11 12 13 14 15 | 15.6
Fighting       | 2 3 4 5 6 7 8 9 11 12 13 | 13.2
Short Blades   | 3 4 5 7 9 11 13 14 | 14.0
Shields        | 1 3 4 6 7 8 |  8.0
Invocations    | 2 3 4 5 7 8 |  8.0
Armour         | 1 2 3 4 5 7 9 10 | 10.5
Spellcasting   | 1 2 4 5 7 8 9 10 11 | 11.0
Evocations     | 3 4 |  4.1
Crossbows      | 1 |  1.0
Long Blades    | 7 8 11 12 13 | 13.7

Action                   |  1- 3 |  4- 6 |  7- 9 | 10-12 | 13-15 | 16-18 | 19-21 || total
-------------------------+-------+-------+-------+-------+-------+-------+-------++-------
Melee: Dagger            |    60 |   184 |   529 |   318 |  1500 |   340 |       ||  2931
       Bite              |     4 |    20 |    94 |   225 |   455 |   362 |     1 ||  1161
       Rapier            |       |       |       |  1004 |   438 |       |       ||  1442
       Short sword       |       |       |       |    45 |       |       |       ||    45
       Scimitar          |       |       |       |       |   531 |  1200 |       ||  1731
       Double sword      |       |       |       |       |       |   152 |    10 ||   162
 Fire: Blowgun           |     8 |    26 |    24 |    13 |    41 |       |       ||   112
       Arbalest          |       |       |       |     7 |    10 |       |       ||    17
       Hand crossbow     |       |       |       |       |     1 |       |       ||     1
Invok: Heroism           |       |       |     1 |     9 |    18 |    13 |       ||    41
       Finesse           |       |       |       |     2 |    10 |     6 |       ||    18
Evoke: Wand              |       |     6 |     8 |    23 |     8 |    14 |       ||    59
       Lightning rod     |       |       |       |     4 |     4 |       |       ||     8
  Use: Potion            |       |    10 |    23 |    32 |    60 |    33 |       ||   158
       Scroll            |       |     3 |       |    15 |    16 |     4 |     1 ||    39
 Stab: Sleeping          |     9 |    20 |    24 |    19 |    12 |       |       ||    84
       Distracted        |       |       |     1 |     1 |     1 |     3 |       ||     6
       Invisible         |       |       |       |       |     2 |       |       ||     2
Armor: Robe              |    12 |    29 |    56 |       |       |       |       ||    97
       Leather armour    |       |       |     7 |    22 |       |       |       ||    29
       Ring mail         |       |       |       |   224 |   119 |       |       ||   343
       Plate armour      |       |       |       |       |   503 |   567 |     6 ||  1076
Dodge: Dodged            |    55 |    78 |   182 |   585 |   882 |   585 |     2 ||  2369
Block: Buckler           |       |    28 |   101 |   340 |   853 |  1084 |    14 ||  2420
       Reflection        |       |       |       |     4 |    28 |    86 |     1 ||   119
       Rpst.: Dagger     |       |       |       |       |    94 |    29 |       ||   123
       Scimitar          |       |       |       |       |    25 |    72 |       ||    97
       Double sword      |       |       |       |       |       |    12 |     1 ||    13
